AoeStats
← Morrión

Arena

508676434Analyzed
2v2 RM · 10d ago on Sep 23, 2026· 62m 39s· 4 players
Game mode
Random Map
Map size
Medium (4 player)
Population
200
Speed
Normal
Resources
Standard
Victory
Conquest
Starting age
Dark Age
Ending age
Imperial Age
RankedLock teamsTeams togetherTeam positionsShared explorationLock speedFull tech treeHidden civsTurbo modeCheats
Victory
Defeat
🇧🇪 Saxons · Belgium
1356
+18
🇫🇷 Romans · France
1323
+20
🇪🇸 Franks · Spain
1406
-19
🇪🇸 Saxons · Spain
1406
-19
Sun
9:13 Feudal Age
11:28 Loom
14:19 Castle Age
12:47 Loom
12:54 Double-Bit Axe
12:51 Horse Collar
16:10 Stone Mining
20:08 Heavy Plow
20:38 Town Watch
22:11 Fletching
23:31 Wheelbarrow
24:21 Bodkin Arrow
24:27 Padded Archer Armor
26:25 Town Patrol
27:12 Hand Cart
27:11 Gold Mining
27:51 Bow Saw
29:35 Leather Archer Armor
31:18 Gold Shaft Mining
34:11 Imperial Age
31:09 Crossbowman
32:14 Thumb Ring
35:20 Ballistics
36:00 Chemistry
34:40 Arbalester
36:01 Hoardings
35:59 Fortified Wall
36:27 Conscription
41:40 Pikeman
42:14 Halberdier
42:57 Squires
45:21 Arson
45:48 Scale Barding Armor
45:43 Bracer
46:14 Ring Archer Armor
45:54 Forging
45:51 Scale Barding Armor
45:48 Scale Mail Armor
46:51 Scale Barding Armor
47:01 Forging
46:43 Shield Wall
47:30 Caravan
48:39 Crop Rotation
49:11 Two-Man Saw
51:04 Iron Casting
50:46 Chain Mail Armor
50:53 Chain Barding Armor
54:10 Plate Mail Armor
53:12 Elite Hearth Troop
55:21 Man-at-Arms
55:47 Gambesons
59:10 Husbandry
58:40 Long Swordsman
60:44 Two-Handed Swordsman
62:15 Champion
IneedMoney$
10:23 Feudal Age
15:50 Castle Age
15:22 Double-Bit Axe
15:18 Horse Collar
16:39 Gold Mining
17:00 Bow Saw
18:11 Heavy Plow
19:15 Scale Mail Armor
23:16 Wheelbarrow
23:05 Chain Mail Armor
23:59 Loom
24:40 Man-at-Arms
25:41 Squires
25:37 Long Swordsman
28:07 Forging
28:41 Hand Cart
28:16 Pikeman
29:32 Iron Casting
32:24 Imperial Age
32:31 Gold Shaft Mining
31:47 Stone Mining
32:27 Legionary
34:20 Blast Furnace
33:14 Halberdier
34:45 Crop Rotation
34:41 Heavy Scorpion
39:22 Chemistry
38:42 Ballistics
41:40 Conscription
47:19 Capped Ram
54:04 Siege Ram
juanca12
11:02 Feudal Age
15:28 Castle Age
14:09 Double-Bit Axe
18:21 Wheelbarrow
19:41 Wheelbarrow
20:21 Forging
22:27 Scale Barding Armor
23:53 Hand Cart
27:42 Iron Casting
27:28 Chain Barding Armor
27:04 Loom
27:44 Bow Saw
27:25 Gold Mining
30:46 Husbandry
33:51 Imperial Age
33:08 Arson
33:57 Cavalier
35:39 Blast Furnace
35:15 Plate Barding Armor
35:02 Conscription
35:01 Chivalry
36:01 Paladin
36:36 Paladin
36:43 Paladin
40:08 Masonry
45:09 Caravan
49:23 Ordonnance Companies
50:47 Architecture
50:26 Fletching
50:36 Padded Archer Armor
51:20 Cranequins
52:19 Heavy Mounted Crossbowman
53:04 Bodkin Arrow
53:24 Leather Archer Armor
57:14 Ballistics
58:02 Chemistry
58:27 Light Cavalry
Morrión
11:36 Feudal Age
16:34 Castle Age
16:05 Scale Mail Armor
16:49 Forging
16:29 Loom
17:53 Double-Bit Axe
18:46 Chain Mail Armor
18:38 Squires
19:45 Horse Collar
27:35 Iron Casting
26:51 Fletching
27:26 Bow Saw
27:18 Heavy Plow
28:32 Wheelbarrow
27:43 Town Watch
29:12 Arson
32:35 Imperial Age
31:13 Hand Cart
31:24 Gambesons
31:43 Bodkin Arrow
32:51 Shield Wall
34:57 Conscription
35:30 Plate Mail Armor
36:29 Crop Rotation
37:01 Two-Man Saw
39:28 Bracer
38:54 Elite Varangian Guard
40:46 Elite Hearth Troop
47:47 Town Patrol
47:59 Masonry
48:11 Ballistics
48:52 Chemistry
47:56 Padded Archer Armor
57:37 Architecture
57:05 Murder Holes
59:29 Hoardings
62:36 Fortified Wall
Connection lost

Rejoining the realm…

Still unreachable

The connection could not be restored.

Session expired

The server has moved on; the page needs a fresh start.